 Dungeon Crawl Stone Soup version 0.26.1-11-gd32895ea62 (webtiles) character file.

Game seed: 8088512882147652382

3545 MajorAdolf the Prestidigitator (level 10, -1/133 HPs)
             Began as a Naga Wanderer on July 22, 2021.
             Was an Initiate of Hepliaklqana.
             Slain by a two-headed ogre
             ... wielding a +0 giant club
              (11 damage)
             ... on level 8 of the Dungeon.
             The game lasted 00:15:43 (12105 turns).

MajorAdolf the Prestidigitator (Naga Wanderer)     Turns: 12105, Time: 00:15:44

Health: -1/133     AC: 20    Str: 13    XL:     10   Next: 9%
Magic:  10/10      EV:  4    Int: 14    God:    Hepliaklqana [......]
Gold:   436        SH:  0    Dex: 14    Spells: 9/9 levels left

rFire    + . .     SeeInvis +   r - +2 flail (protect)
rCold    . . .     Faith    .   (no shield)
rNeg     . . .     Spirit   .   s - +1 chain mail {rF+}
rPois    +         Reflect  .   u - +2 helmet
rElec    .         Harm     .   y - +1 cloak {rCorr}
rCorr    +         Rampage  .   (no gloves)
Will     +....                  (no barding)
Stlth    ..........             (no amulet)
HPRegen  0.32/turn              (no ring)
MPRegen  0.12/turn              (no ring)

@: berserking, protection aura, hasted, quick
A: large, reduced essence, see invisible, deformed body, poison resistance,
slowness 2, spit poison 1, AC +3
a: Spit Poison, Renounce Religion, Recall Ancestor, Ancestor Identity


You were on level 8 of the Dungeon.
You worshipped Hepliaklqana.
Hepliaklqana was noncommittal.
You visited 2 branches of the dungeon, and saw 9 of its levels.
You also visited: Sewer.

You collected 611 gold pieces.
You spent 175 gold pieces at shops.

Inventory:

Hand Weapons
 a - a +2 dagger
 c - a +0 shortbow
 e - a +3 hunting sling
 r - a +2 flail of protection (weapon)
Missiles
 d - 124 arrows
Armour
 s - a +1 chain mail of fire resistance (worn)
 u - a +2 helmet (worn)
 y - a +1 cloak of preservation (worn)
Jewellery
 m - an uncursed ring of fire
 x - an uncursed ring of fire
 F - an uncursed ring of poison resistance {unknown}
Wands
 o - a wand of acid (8)
 B - a wand of flame (66)
 D - a wand of polymorph (13)
Scrolls
 b - a scroll of fear
 f - 6 scrolls of remove curse
 g - 2 scrolls of teleportation
 n - a scroll of enchant weapon
 p - a scroll of random uselessness {unknown}
 q - 2 scrolls of blinking {unknown}
 t - 2 scrolls of amnesia {unknown}
 v - 2 scrolls of enchant armour {unknown}
 C - a scroll of holy word
 G - 3 scrolls of identify
Potions
 h - 2 potions of flight
 i - 5 potions of brilliance
 j - a potion of resistance
 l - 4 potions of attraction
 z - 2 potions of heal wounds
 A - 2 potions of cancellation
 E - a potion of mutation


   Skills:
 - Level 9.1 Fighting
 - Level 1.0 Long Blades
 - Level 1.7 Bows
 - Level 1.5 Dodging
 - Level 7.8 Stealth
 + Level 10.0 Evocations


You had 9 spell levels left.
You didn't know any spells.
Your spell library contained the following spells:

 Spells                   Type           Power        Failure   Level
 Animate Skeleton         Necr           0%           100%        1
 Pain                     Necr           0%           100%        1
 Vampiric Draining        Necr           0%           100%        3
 Animate Dead             Necr           0%           100%        4
 Agony                    Necr           0%           100%        5


Dungeon Overview and Level Annotations

Branches:
Dungeon (8/15)             Temple (1/1) D:7           Sewer (visited)
   Lair: D:8-11

Altars:
Ashenzari
Cheibriados
Elyvilon
Fedhas
Gozag
Hepliaklqana
Kikubaaqudgha
Makhleb
Nemelex Xobeh
Okawaru
Qazlal
Ru
Sif Muna
Trog
Uskayaw
Wu Jian
Yredelemnul
Zin
The Shining One

Shops:
D:4 ?

Annotations:
D:6 2 transporters, UrgTar's ghost, novice HOFi


Innate Abilities, Weirdness & Mutations

You cannot wear boots.
Your serpentine skin is tough. (AC +3)
You have supernaturally acute eyesight. (SInv)
Armour fits poorly on your strangely shaped body.
Your system is resistant to poisons. (rPois)
You cover ground very slowly.
You can spit poison.
Your life essence is reduced to manifest your ancestor. (-10% HP)


Message History

The two-headed ogre hits you with a +0 giant club!!
The two-headed ogre hits you with a +0 giant club!
You hit the two-headed ogre.
The two-headed ogre is moderately wounded.
The two-headed ogre hits you with a +0 giant spiked club!!
The two-headed ogre hits you but does no damage.
Unknown command.
You hit the two-headed ogre.
The two-headed ogre is moderately wounded.
The two-headed ogre hits you with a +0 giant club!!
* * * LOW HITPOINT WARNING * * *
The two-headed ogre hits you but does no damage.
The two-headed ogre barely misses you.
The two-headed ogre hits you but does no damage.
You hit the two-headed ogre.
The two-headed ogre is moderately wounded.
The two-headed ogre hits you with a +0 giant club!
* * * LOW HITPOINT WARNING * * *
The two-headed ogre hits you with a +0 giant club!
You die...

......#..# ##..##
(..###..######..## .
##......###..#
#.........#R.##
##.............##
##............#..##
##..............#..#
##................#.##
#.....O@..........#))##
##.....O............#..##
#...................##...
##.................####..
##...............## ##.
## #..#............# #.
##...##.####........## ##
#...(...# ##.....###
.........# ##..##


You could see 2 two-headed ogres.

Vanquished Creatures
  A hornet (D:7)
  Sigmund (D:2)
  Eustachio (D:4)
  2 water moccasins (D:6)
  Purgy (Sewer)
  2 black bears (D:7)
  3 phantoms
  2 sky beasts
  An orc warrior (D:7)
  2 ogres
  A centaur (D:6)
  3 bullfrogs
  3 scorpions
  A centaur zombie (D:5)
  A bullfrog zombie (D:5)
  4 hounds
  8 orc wizards
  Crazy Yiuf (D:2)
  3 orc priests
  3 bullfrog skeletons
  An iguana (D:4)
  Ijyb (D:5)
  Terence (D:2)
  3 worker ants
  A hound skeleton (D:5)
  Robin (D:2)
  2 howler monkey zombies
  3 gnolls (D:5)
  6 adders
  8 river rats (D:6)
  An ufetubus (D:7)
  An adder zombie (D:6)
  4 adder skeletons
  5 worms
  2 dart slugs
  3 leopard geckos
  17 orcs
  6 giant cockroaches
  18 goblins
  12 hobgoblins
  9 jackals
  8 kobolds
  9 quokkas
  2 ball pythons
  11 bats
  8 frilled lizards
  A giant cockroach zombie (D:5)
  A quokka skeleton (D:4)
  20 rats
209 creatures vanquished.

Vanquished Creatures (collateral kills)
  2 orc warriors
  A scorpion (D:8)
  A wyvern skeleton (D:8)
  A worker ant zombie (D:7)
  2 orcs
7 creatures vanquished.

Vanquished Creatures (others)
  2 ancestors (D:8)
  5 toadstools (D:1)
7 creatures vanquished.

Grand Total: 223 creatures vanquished

Notes
Turn   | Place    | Note
-------+----------+-------------------------------------------
     0 | D:1      | MajorAdolf the Naga Wanderer began the quest for the Orb.
     0 | D:1      | MajorAdolf set off with the following items: a +2 dagger, a
                  | scroll of fear, a +0 shortbow, 28 arrows, a potion of
                  | lignification, a +0 robe
     0 | D:1      | Reached XP level 1. HP: 19/19 MP: 1/1
   416 | D:1      | Reached XP level 2. HP: 27/27 MP: 2/2
   795 | D:1      | Reached XP level 3. HP: 29/34 MP: 3/3
  1837 | D:2      | Noticed Terence
  1868 | D:2      | Killed Terence
  1869 | D:2      | Reached XP level 4. HP: 21/42 MP: 4/4
  2184 | D:2      | Found a hide-covered altar of Uskayaw.
  2184 | D:2      | Found a snail-covered altar of Cheibriados.
  2262 | D:2      | Noticed Sigmund
  2275 | D:2      | Killed Sigmund
  2276 | D:2      | Reached XP level 5. HP: 30/49 MP: 5/5
  2276 | D:2      | Reached XP level 6. HP: 34/56 MP: 6/6
  2776 | D:2      | Noticed Robin
  2832 | D:2      | Killed Robin
  3040 | D:2      | Found a runed translucent door.
  3041 | D:2      | Noticed Crazy Yiuf
  3258 | D:2      | Killed Crazy Yiuf
  3968 | D:3      | Found a white marble altar of Elyvilon.
  4647 | D:4      | Reached skill level 5 in Fighting
  4647 | D:4      | Reached XP level 7. HP: 61/67 MP: 7/7
  5171 | D:4      | Found Exzuahen's Magic Scroll Emporium.
  5180 | D:4      | Bought a scroll of identify for 28 gold pieces
  5180 | D:4      | Bought a scroll of remove curse for 42 gold pieces
  5180 | D:4      | Bought a scroll of holy word for 105 gold pieces
  5363 | D:4      | Found a burning altar of Makhleb.
  5656 | D:5      | Entered Level 5 of the Dungeon
  5656 | D:5      | Noticed Eustachio
  5759 | D:4      | Killed Eustachio
  5760 | D:4      | Reached XP level 8. HP: 74/80 MP: 8/8
  5903 | D:5      | Found an ancient bone altar of Kikubaaqudgha.
  6695 | D:5      | Noticed Ijyb
  6702 | D:5      | Killed Ijyb
  7095 | D:6      | Found a transporter.
  7141 | D:6      | Reached skill level 3 in Evocations
  7182 | D:6      | Reached skill level 4 in Evocations
  7186 | D:6      | HP: 5/127 [bullfrog skeleton (3)]
  7188 | D:6      | Reached XP level 9. HP: 5/91 MP: 9/9
  7259 | D:6      | Found a glowing drain.
  7263 | Sewer    | Entered a sewer
  7554 | Sewer    | Noticed Purgy
  7568 | Sewer    | Killed Purgy
  7569 | Sewer    | Reached skill level 5 in Evocations
  7928 | D:7      | Reached skill level 6 in Evocations
  8636 | D:6      | Reached skill level 7 in Evocations
  8662 | D:6      | Noticed UrgTar's ghost (novice HOFi)
  8664 | D:6      | Noticed a meliai
  8679 | D:6      | Found a transporter.
  9265 | D:6      | Reached skill level 8 in Evocations
  9342 | D:6      | Found a sacrificial altar of Ru.
  9754 | D:7      | Found a staircase to the Ecumenical Temple.
  9770 | D:7      | Noticed a hornet
  9794 | D:7      | Killed a hornet
  9822 | Temple   | Entered the Ecumenical Temple
 10535 | Temple   | Became a worshipper of Hepliaklqana the Forgotten
 10656 | D:7      | Found a hide-covered altar of Uskayaw.
 10716 | D:7      | Reached skill level 9 in Evocations
 11331 | D:8      | Reached XP level 10. HP: 57/89 MP: 0/10
 11862 | D:8      | Reached skill level 10 in Evocations
 12089 | D:8      | Noticed a two-headed ogre
 12089 | D:8      | Noticed a two-headed ogre
 12105 | D:8      | Slain by a two-headed ogre

Illustrated notes

Levels and vault maps discovered:
D:1:      ldierk_walled_garden, layout_loops_corners
D:2:      layout_basic, gammafunk_temple_overflow_elements,
          minmay_goblin_outpost, uniq_crazy_yiuf_cottage, uniq_terence,
          uniq_robin, uniq_sigmund
D:3:      layout_basic, elyvilon_altar_4
D:4:      layout_cave_pods, kennysheep_mini_moat, serial_shops,
          nicolae_shop_crystal
D:5:      layout_loops_ring, general_overflow_altar, serial_glass,
          glass_columns_c, glass_columns_a, grunt_tough_drop, uniq_eustachio,
          uniq_ijyb
D:6:      lemuel_ratsnest, layout_basic, nicolae_overflow_crystal_walls,
          gammafunk_ghost_arena, portal_sewer_entry_e
D:7:      layout_gridville, xom_shifter_show, minmay_temple_entry_hall,
          basic_altar
D:8:      layout_cave_pods, gammafunk_temple_overflow_wave
Temple:   minmay_temple_curvy_branch

Skill      XL: |  1  2  3  4  5  6  7  8  9 10 |
---------------+-------------------------------+-----
Fighting       | 3 5 7 9 |  9.1
Stealth        | 4 7 |  7.8
Evocations     | 4 9 10 | 10.0
Long Blades    | |  1.0
Bows           | |  1.7
Dodging        | |  1.5

Action                   |  1- 3 |  4- 6 |  7- 9 | 10-12 || total
-------------------------+-------+-------+-------+-------++-------
Melee: Flail             |       |   224 |   625 |    42 ||   891
 Fire: Shortbow          |   114 |       |       |       ||   114
 Abil: Spit Poison       |    12 |     4 |    10 |       ||    26
  Use: Scroll            |       |       |    14 |     1 ||    15
       Potion            |       |       |     4 |     2 ||     6
Armor: Robe              |     7 |       |       |       ||     7
       Chain mail        |       |   228 |   887 |    28 ||  1143
       Skin              |       |       |    45 |       ||    45
Dodge: Dodged            |    45 |    64 |   206 |     9 ||   324
